 Dungeon Crawl Stone Soup version 0.29-a0-512-gf59ac788ac (webtiles) character file.

Game seed: 18240699916478594882

25 happo123 the Vexing (level 2, -2/15 HPs)
             Began as a Deep Elf Enchanter on May 29, 2022.
             Killed from afar by Sigmund (10 damage)
             ... with a puff of flame
             ... on level 2 of the Dungeon.
             The game lasted 00:05:21 (1345 turns).

happo123 the Vexing (Deep Elf Enchanter)            Turns: 1345, Time: 00:05:21

Health: -2/15      AC:  3    Str:  5    XL:     2   Next: 86%
Magic:  6/8        EV: 17    Int: 19    God:
Gold:   81         SH:  0    Dex: 15    Spells: 5/7 levels left

rFire   . . .      SeeInvis .   a - +1 dagger
rCold   . . .      Faith    .   (no shield)
rNeg    . . .      Spirit   .   b - +0 robe
rPois   .          Reflect  .   (no helmet)
rElec   .          Harm     .   k - +0 cloak
rCorr   .          Rampage  .   (no gloves)
Will    .....                   (no boots)
Stlth   +++.......              (no amulet)
HPRegen 0.05/turn               g - +4 ring of evasion
MPRegen 0.11/turn               (no ring)

@: no status effects
A: no striking features
a: no special abilities


You were on level 2 of the Dungeon.
You visited 1 branch of the dungeon, and saw 2 of its levels.

You collected 81 gold pieces.

Inventory:

Hand Weapons
 a - a +1 dagger (weapon)
Armour
 b - a +0 robe (worn)
 k - a +0 cloak (worn)
Jewellery
 g - a +4 ring of evasion (left hand)
Scrolls
 d - a scroll of silence {unknown}
 e - a scroll of poison {unknown}
 f - a scroll of magic mapping {unknown}
 i - 3 scrolls of immolation {unknown}
 j - a scroll of teleportation {unknown}
 l - a scroll of brand weapon {unknown}
Potions
 c - 2 potions of invisibility
 h - a potion of might {unknown}


   Skills:
 + Level 0.2 Fighting
 + Level 1.4 Short Blades
 + Level 2.7 Dodging
 + Level 3.9 Stealth
 + Level 3.2 Spellcasting
 * Level 4.5 Hexes


You had 5 spell levels left.
You knew the following spells:

 Your Spells              Type           Power      Damage    Failure   Level
a - Ensorcelled Hibernat  Hex/Ice        22%        N/A       9%          2

Your spell library contained the following spells:

 Spells                   Type           Power      Damage    Failure   Level
 Confusing Touch          Hex            20%        N/A       7%          3
 Tukima's Dance           Hex            20%        N/A       7%          3
 Dazzling Flash           Conj/Hex       22%        N/A       17%         3
 Portal Projectile        Hex/Tloc       22%        N/A       17%         3
 Call Canine Familiar     Summ           3%         N/A       41%         3
 Leda's Liquefaction      Hex/Erth       5%         N/A       50%         4


Dungeon Overview and Level Annotations

Branches:
Dungeon (2/15)

Altars:

Annotations:
D:2 Sigmund


Message History

The goblin shouts!
Aiming: Ensorcelled Hibernation (safe; 9% risk of failure)
Press: ? - help, Q - select action Shift-Dir - straight line, f - goblin
Aim: a goblin, wielding a +0 club (chance to affect: 62%)
The goblin looks drowsy...
The helpless goblin fails to defend itself.
You puncture the goblin!
You kill the goblin!
Found a book of the Hunter.
Things that are here:
a +0 club; a goblin corpse You pick up a book of the Hunter and begin reading...
You add the spells Call Canine Familiar, Portal Projectile and Leda's Liquefaction to your library.
Sigmund the Dreaded comes into view.
He is wielding a +0 scythe. 2 goblins come into view.
Sigmund shouts!
Sigmund gestures wildly while chanting.
Sigmund flickers and vanishes!
Deactivating autopickup; reactivate with Ctrl-A.
There is a stone staircase leading up here.
You hear a shout! x2
You are confused.
You bump into the rock wall.
A goblin comes into view. It is wielding a +0 dagger.
The goblin shouts!
Something hits you!
Ouch! That really hurt!
You feel less confused.
Found a scroll labelled UDALUN GIFFO.
A puff of flame appears from out of thin air!
The puff of flame misses you.
Aiming: Ensorcelled Hibernation (safe; 9% risk of failure)
Press: ? - help, Q - select action Shift-Dir - straight line Nothing appears to happen.
You hit something but do no damage.
You hear a shout!
You hear some strange, mumbled words.
A puff of flame appears from out of thin air!
The puff of flame hits you!
Ouch! That really hurt!
You die...

..... #.............
.... #.##.)........#
... ##.............. g.
#..............# g
##.##..........#
##.#<..........##
#...............#
#######..#.........#
.......{@..........#.#.
....##..##g......(.....
##.?....##..###..####..
...####...[###.<......#
# ##..#.##....####..
##..........####
##.†............#
###.......<...###.# .
..####............##
.....


You could see a goblin.

Vanquished Creatures
  A dart slug (D:1)
  An endoplasm (D:1)
  4 goblins
  2 hobgoblins (D:1)
  A kobold (D:1)
  3 quokkas
  4 ball pythons
  2 bats
  2 frilled lizards (D:1)
  2 rats
22 creatures vanquished.

Notes
Turn   | Place    | Note
-------+----------+-------------------------------------------
     0 | D:1      | happo123 the Deep Elf Enchanter began the quest for the
                  | Orb.
     0 | D:1      | Reached XP level 1. HP: 10/10 MP: 6/6
   246 | D:1      | Reached XP level 2. HP: 15/15 MP: 8/8
  1206 | D:2      | Learned a level 2 spell: Ensorcelled Hibernation
  1308 | D:2      | Noticed Sigmund
  1345 | D:2      | Killed from afar by Sigmund

Illustrated notes

Levels and vault maps discovered:
D:1:      nzn_arrival_water_spiral, layout_basic
D:2:      kennysheep_the_goblin_king, layout_rooms, kennysheep_generic_room_9,
          uniq_sigmund

Action                   || total
-------------------------++-------
Melee: Dagger            ||    62
 Cast: Ensorcelled Hiber ||     3
 Stab: Sleeping          ||     6
Armor: Robe              ||     9
Dodge: Dodged            ||    38

Table legend: (Time is in decaauts)
 A = Elapsed time spent in this place.
 B = Non-inter-level travel time spent in this place.
 C = Inter-level travel time spent in this place.
 D = Time resting spent in this place.
 E = Time spent auto-exploring this place.
 F = Levels seen in this place.
 G = Mean time per level.
                   A        B        C        D        E       F      G
               +--------+--------+--------+--------+--------+-----+--------+
         Total |   1341 |   1276 |     65 |      0 |   1037 |   2 |  670.5 |
       Dungeon |   1341 |   1276 |     65 |      0 |   1037 |   2 |  670.5 |
               +--------+--------+--------+--------+--------+-----+--------+

Top non-repeatable levels by time:
     D:1: 1188 daAuts
     D:2: 153 daAuts
